 Dungeon Crawl Stone Soup version 0.14-a0-19-g3ffea20 (webtiles) character file.

726 4tharraofdagon the Vexing (level 6, -3/28 HPs)
             Began as a Spriggan Enchanter on Sept 25, 2013.
             Killed from afar by a manticore (4 damage)
             ... with a volley of spikes
             ... on Level 9 of the Dungeon.
             The game lasted 00:05:57 (740 turns).

4tharraofdagon the Vexing (Spriggan Enchanter)       Turns: 740, Time: 00:05:58

HP  -3/28        AC  4     Str  4      XL: 6   Next: 98%
MP   8/18        EV 18     Int 16      God:
Gold 218         SH  0     Dex 19      Spells:  3 memorised,  6 levels left

Res.Fire  : . . .   See Invis. : +   a - +1 dagger
Res.Cold  : . . .   Warding    : .   b - +1 robe
Life Prot.: . . .   Conserve   : .   (shield restricted)
Res.Poison: .       Res.Corr.  : .   (helmet restricted)
Res.Elec. : .       Clarity    : .   i - +0 cloak
Sust.Abil.: . .     Spirit.Shd : .   (gloves unavailable)
Res.Mut.  : .       Stasis     : .   (boots unavailable)
Res.Rott. : .       Flight     : .   (no amulet)
Saprovore : . . .                    (no ring)
                                     (no ring)

@: very slightly contaminated, very quick, somewhat resistant to hostile
enchantments, very stealthy
A: unfitting armour, see invisible, herbivore 3, speed 3, slow metabolism 2
a: no special abilities


You were on level 9 of the Dungeon.
You were not hungry.

You visited 1 branch of the dungeon, and saw 9 of its levels.

You collected 198 gold pieces.

Inventory:

Hand weapons
 a - a +1,+1 dagger (weapon)
Missiles
 d - 12 darts (quivered)
Armour
 b - a +1 robe (worn)
 i - a +0 cloak (worn)
Magical devices
 r - a wand of cold (7) {unknown}
Comestibles
 l - a bread ration
 o - a cheese
Scrolls
 f - a scroll of enchant weapon II {unknown}
 g - 3 scrolls of identify {unknown}
 h - a scroll of blinking {unknown}
 k - a scroll of random uselessness {unknown}
 m - 2 scrolls of curse jewellery {unknown}
 n - a scroll of remove curse {unknown}
 q - a scroll of recharging {unknown}
Potions
 e - a potion of porridge
 j - a potion of slowing
Books
 c - a book of Maledictions

   Spells                             Type                      Level
   *Corona                            Hexes                        1
   Sure Blade                         Hexes/Charms                 2
   *Ensorcelled Hibernation           Hexes/Ice                    2
   *Confuse                           Hexes                        3
   Enslavement                        Hexes                        4
   Invisibility                       Hexes                        6


   Skills:
 + Level 4.0 Short Blades
 - Level 1.1 Throwing
 - Level 3.0 Dodging
 + Level 6.2 Stealth
 + Level 3.6 Spellcasting
 * Level 6.4 Hexes


You had 6 spell levels left.
You knew the following spells:

 Your Spells              Type           Power        Failure   Level  Hunger
a - Corona                Hex            ###....      1%          1    None
b - Ensorcelled Hibernat  Hex/Ice        ##....       10%         2    ##.....
c - Confuse               Hex            ###.....     4%          3    ###....


Dungeon Overview and Level Annotations

Branches:
Dungeon (9/27)
 Temple: D:4-7          Orc: D:6-11        Lair: D:8-13

Altars:
Yredelemnul
the Shining One


Innate Abilities, Weirdness & Mutations

You are tiny and cannot use many weapons and most armour.
You have supernaturally acute eyesight.
You are a herbivore.
You cover ground extremely quickly.
You need consume almost no food.


Message History

Confirm with . or Enter, or press ? or * to list all spells.
Aiming: Ensorcelled Hibernation
Press: ? - help, Shift-Dir - straight line, f/p - manticore
Aim: a manticore The manticore easily resists.
The manticore flicks its tail!
The volley of spikes misses you.
Casting: Ensorcelled Hibernation
Confirm with . or Enter, or press ? or * to list all spells.
Aiming: Ensorcelled Hibernation
Press: ? - help, Shift-Dir - straight line, f/p - manticore
Aim: a manticore The manticore resists with some effort.
Casting: Ensorcelled Hibernation
Confirm with . or Enter, or press ? or * to list all spells.
Aiming: Ensorcelled Hibernation
Press: ? - help, Shift-Dir - straight line, f/p - manticore
Aim: a manticore The manticore struggles to resist.
The manticore flicks its tail!
The volley of spikes hits you!
You die...

. #.# #.# #.# #.# #.#
#.# #<# . #.####.#### b#
#...).....#####.#
######.#.........)...#
..........##.##.####..#
#####.....#.##@# #H:#
#.......##.# #..#
#.....####.####..#####.$
#..#.## ##.H..H.........
#..#.# #........#####.#
##..#.# #...###..#
#####...#.####...# #..#
..................# #..#
#####...#..###<### #%.#


You could see a manticore.

Vanquished Creatures
  A steam dragon (D:8)
  2 sky beasts
  A giant frog (D:6)
  A hound (D:9)
  An iguana (D:6)
  2 worker ants
  An adder (D:2)
  An ooze (D:2)
  An orc (D:8)
  A ball python (D:1)
  A bat (D:5)
  A goblin (D:6)
  A quokka (D:2)
  A giant newt (D:1)
  2 kobolds
  A rat (D:1)
19 creatures vanquished.

Notes
Turn   | Place    | Note
--------------------------------------------------------------
     0 | D:1      | 4tharraofdagon, the Spriggan Enchanter, began the quest for the Orb.
     0 | D:1      | Reached XP level 1. HP: 9/9 MP: 4/4
    88 | D:2      | Reached XP level 2. HP: 13/13 MP: 6/6
    93 | D:2      | Learned a level 2 spell: Ensorcelled Hibernation
   134 | D:4      | Reached skill level 4 in Stealth
   134 | D:4      | Reached XP level 3. HP: 16/16 MP: 6/9
   184 | D:5      | Entered Level 5 of the Dungeon
   188 | D:5      | Noticed a centaur
   357 | D:5      | Found a basalt altar of Yredelemnul.
   426 | D:6      | Noticed a giant frog
   432 | D:6      | Killed a giant frog
   432 | D:6      | Reached XP level 4. HP: 21/21 MP: 5/12
   470 | D:6      | Found a glowing golden altar of the Shining One.
   477 | D:6      | Reached skill level 5 in Hexes
   477 | D:6      | Reached XP level 5. HP: 24/24 MP: 11/15
   568 | D:7      | Noticed an orc warrior
   570 | D:7      | Noticed a sky beast
   592 | D:7      | Noticed a sky beast
   599 | D:7      | Killed a sky beast
   599 | D:7      | Reached skill level 5 in Stealth
   603 | D:7      | Noticed a steam dragon
   619 | D:8      | Killed a steam dragon
   619 | D:8      | Reached XP level 6. HP: 10/28 MP: 14/18
   662 | D:8      | Learned a level 3 spell: Confuse
   695 | D:9      | Reached skill level 6 in Stealth
   722 | D:9      | Noticed a manticore
   737 | D:9      | HP: 1/28 [manticore/volley of spikes (8)]
   740 | D:9      | Killed from afar by a manticore

Action                   |  1- 3 |  4- 6 || total
-------------------------+-------+-------++-------
Melee: Dagger            |    16 |     7 ||    23
 Cast: Ensorcelled Hiber |     5 |     7 ||    12
       Corona            |     1 |       ||     1
  Use: Potion            |       |     2 ||     2
 Stab: Sleeping          |    10 |     7 ||    17
